 Dungeon Crawl Stone Soup version 0.21-a0-529-g8c7b3f5 (webtiles) character file.

2729 Ghella the Basher (level 9, -6/89 HPs)
             Began as a Troll Berserker on Dec 9, 2017.
             Was a High Priest of Trog.
             Mangled by a yak (15 damage)
             ... on level 8 of the Dungeon.
             The game lasted 00:11:26 (6636 turns).

Ghella the Basher (Troll Berserker)                 Turns: 6636, Time: 00:11:27

Health: -6/89      AC:  6    Str: 32    XL:     9   Next: 40%
Magic:  17/17      EV: 12    Int:  3    God:    Trog [*****.]
Gold:   453        SH:  0    Dex:  9    Spells: 8/8 levels left

rFire    . . .     SeeInvis .   x - +1 flail (crush)
rCold    . . .     Gourm    +   (no shield)
rNeg     . . .     Faith    +   b - +1 animal skin
rPois    .         Spirit   .   (helmet restricted)
rElec    .         Reflect  .   (no cloak)
rCorr    .         Harm     .   (gloves unavailable)
MR       ++...                  (boots unavailable)
Stlth    +.........             e - amulet of faith
HPRegen  1.64/turn              y - ring "Etuotes" {MP+9 Str+2}
MPRegen  0.15/turn              (no ring)

@: confused, regenerating
A: large, unfitting armour, claws 3, fast metabolism 3, gourmand, regeneration
1, shaggy fur 1, tough skin 2
a: Berserk, Trog's Hand, Brothers in Arms, Burn Spellbooks, Renounce Religion


You were on level 8 of the Dungeon.
You worshipped Trog.
Trog was extremely pleased with you.
You were not hungry.

You visited 1 branch of the dungeon, and saw 8 of its levels.
You also visited: Ossuary.

You collected 453 gold pieces.

Inventory:

Hand Weapons
 a - a +0 mace
 w - a +0 flail of protection
 x - a +1 flail of crushing (weapon)
 C - a +0 giant spiked club
Armour
 b - a +1 animal skin (worn)
Jewellery
 e - an amulet of faith (around neck)
 n - an uncursed amulet of the gourmand {unknown}
 v - an uncursed amulet of harm
 y - the ring "Etuotes" (left claw) {MP+9 Str+2}
   (You found it on level 5 of the Dungeon)

   [ring of magical power]

   It affects your strength (+2).
   It affects your magic capacity (+9).
 I - a cursed amulet of inaccuracy {unknown}
 J - a cursed +4 ring of strength {unknown}
Wands
 m - a wand of acid (12)
 A - a wand of flame (21)
Scrolls
 d - 5 scrolls of enchant armour
 f - 9 scrolls of identify
 h - a scroll of magic mapping {unknown}
 i - 2 scrolls of noise {unknown}
 j - 2 scrolls of amnesia {unknown}
 r - 3 scrolls of remove curse {unknown}
 u - 2 scrolls of fog {unknown}
 B - a scroll of vulnerability {unknown}
 E - a scroll of enchant weapon {unknown}
 F - a scroll of acquirement {unknown}
 H - a scroll of holy word {unknown}
Potions
 k - a potion of brilliance {unknown}
 l - a potion of haste {unknown}
 o - 3 potions of flight
 p - 2 potions of ambrosia
 s - a potion of heal wounds {unknown}
 t - a potion of lignification {unknown}
 D - 2 potions of resistance {unknown}
 G - a potion of invisibility {unknown}
Comestibles
 c - 3 meat rations
 q - 3 fruits
 z - 2 royal jellies


   Skills:
 + Level 5.7 Fighting
 + Level 9.0 Maces & Flails
 + Level 5.7 Dodging
 + Level 1.0 Stealth


You had 8 spell levels left.
You didn't know any spells.

Dungeon Overview and Level Annotations

Branches:
Dungeon (8/15)
 Temple: D:4-7         Lair: D:8-11

Altars:
Gozag
Nemelex Xobeh
Okawaru
Yredelemnul
The Shining One

Shops:
D:4 ?

Annotations:
D:4 2 transporters


Innate Abilities, Weirdness & Mutations

You are too large for most types of armour.
You have claws for hands.
Your metabolism is lightning-fast.
You like to eat raw meat.
Your natural rate of healing is unusually fast.
You are covered in fur. (AC +1)
You have very tough skin. (AC +2)


Message History

The ogre hits you with a giant spiked club!
You hit the yak.
The yak is moderately wounded.
The big kobold closely misses you. The dream sheep bites you.
The dream sheep bites the plant but does no damage.
The yak gores you!
* * * LOW HITPOINT WARNING * * *
The ogre hits you with a giant spiked club!
* * * LOW HITPOINT WARNING * * *
It was a potion of ambrosia.
You are confused.
You feel invigorated.
Your surroundings seem slightly different.
The dream sheep shake their wool and sparkle.
You feel drowsy...
You fall asleep.
The big kobold hits you!
You wake up.
* * * LOW HITPOINT WARNING * * *
The dream sheep bites the plant.
The dream sheep barely misses you. The yak gores you!
You die...

.# ##.#.###.# .# ##.##
#.##### .#
######.....## .#
#......###..# .#
###########.# .#
+.P≈PP#.# .# #≈≈)≈P#.#
.# #+##P≈P.≈#.# .#
#..#.%@..#.# .#
#..'KYKYO..#
.##########..'..PY.###
>.........#%.'...Y≈#
###########%.#.....#
##########


You could see 2 yaks, 2 big kobolds, an ogre and 2 dream sheep.

Vanquished Creatures
  The ghost of Ghella the Cudgeler, a novice OgBe of Trog (D:7)
  A hungry ghost (D:7)
  An orc warrior (D:6)
  A phantom (D:8)
  A black bear (D:7)
  A sky beast (D:6)
  A necrophage (D:8)
  2 ogres
  A big kobold (D:8)
  4 bullfrogs
  A water moccasin zombie (Ossuary)
  A scorpion (D:7)
  A crimson imp (D:5)
  2 centaur zombies
  2 bullfrog zombies (D:6)
  3 orc priests
  7 hounds
  2 bullfrog skeletons
  4 orc wizards
  2 iguanas
  5 worker ants
  A big kobold zombie (Ossuary)
  2 mummies (Ossuary)
  7 gnolls (D:4)
  6 adders
  2 shadow imps
  2 oozes
  4 adder zombies (Ossuary)
  3 dart slugs
  2 worms
  2 leopard geckos
  21 orcs
  2 ball pythons
  11 giant cockroaches
  2 gnoll zombies (Ossuary)
  7 goblins
  9 hobgoblins
  14 jackals
  5 quokkas
  7 bats
  4 frilled lizards
  4 hobgoblin zombies (Ossuary)
  2 jackal skeletons
  8 kobolds
  5 kobold zombies (Ossuary)
  A leopard gecko skeleton (D:4)
  5 orc zombies (Ossuary)
  5 rats
187 creatures vanquished.

Notes
Turn   | Place    | Note
-------+----------+-------------------------------------------
     0 | D:1      | Ghella the Troll Berserker began the quest for the Orb.
     0 | D:1      | Reached XP level 1. HP: 22/22 MP: 0/0
   160 | D:1      | Reached XP level 2. HP: 29/29 MP: 1/1
   167 | D:1      | Reached skill level 3 in Maces & Flails
   254 | D:1      | Reached ** piety under Trog
   380 | D:1      | Reached XP level 3. HP: 36/36 MP: 2/2
   900 | D:2      | Found a glowing golden altar of the Shining One.
  1058 | D:2      | Reached XP level 4. HP: 30/44 MP: 3/3
  1488 | D:3      | Found a sparkling altar of Nemelex Xobeh.
  1692 | D:3      | Reached skill level 4 in Maces & Flails
  1870 | D:3      | Reached XP level 5. HP: 52/53 MP: 4/4
  2109 | D:4      | Found a sand-covered staircase.
  2109 | D:4      | Found Qaik Daw's Magic Scroll Shoppe.
  2129 | Ossuary  | Entered an ossuary
  2152 | Ossuary  | Reached *** piety under Trog
  2851 | Ossuary  | Reached XP level 6. HP: 10/61 MP: 5/5
  3243 | D:4      | Reached skill level 5 in Maces & Flails
  3309 | D:4      | Found a transporter.
  3333 | D:4      | Reached **** piety under Trog
  3612 | D:4      | Found an opulent altar of Gozag.
  3707 | D:4      | Found a transporter.
  3738 | D:4      | Reached XP level 7. HP: 49/67 MP: 6/6
  3908 | D:5      | Entered Level 5 of the Dungeon
  4063 | D:5      | Got a bound turquoise ring
  4304 | D:6      | Identified the ring "Etuotes" {MP+9 Str+2} (You found it on level 5 of the Dungeon)
  4422 | D:6      | Reached skill level 6 in Maces & Flails
  4621 | D:6      | Reached ***** piety under Trog
  4621 | D:6      | Reached XP level 8. HP: 23/78 MP: 7/7
  5034 | D:6      | Reached skill level 7 in Maces & Flails
  5074 | D:6      | Reached skill level 5 in Dodging
  5202 | D:6      | You fall through a shaft for 2 floors!
  5213 | D:8      | Found an iron altar of Okawaru.
  5402 | D:8      | Found a glowing golden altar of the Shining One.
  5404 | D:8      | Noticed an angel
  5496 | D:7      | Reached skill level 5 in Fighting
  5496 | D:7      | Reached skill level 8 in Maces & Flails
  5577 | D:7      | Reached XP level 9. HP: 78/88 MP: 8/8
  5671 | D:7      | Noticed Ghella's ghost (novice OgBe)
  5688 | D:7      | Killed Ghella's ghost
  6311 | D:8      | Reached skill level 9 in Maces & Flails
  6311 | D:8      | Reached skill level 1 in Stealth
  6556 | D:8      | Found a basalt altar of Yredelemnul.
  6636 | D:8      | Mangled by a yak

Vault maps used:
D:1:      minmay_arrival_plants_in_alcoves, minmay_heptomino_d4
D:2:      first_bread, tso_metal_star
D:3:      nemelex_xobeh_ov_fountains_minmay, st_stairs_12
D:4:      gammafunk_wand_slinger, grunt_gozag_statues, serial_shops, shop,
          nicolae_ossuary_entry_monument
D:5:      nicolae_overflow_hidden_temple, vehumet_crystals,
          minmay_temple_entry_overgrown, portal_sewer_entry_b
D:6:      moated_statue
D:8:      lemuel_crystal_altar, grunt_temple_overflow_holy_war, hangedman_ranch,
          kennysheep_generic_room_15
Ossuary:  ossuary_tomb_2

Skill      XL: |  1  2  3  4  5  6  7  8  9 |
---------------+----------------------------+-----
Maces & Flails | 3 4 5 6 8 9 |  9.0
Dodging        | 3 4 5 |  5.7
Fighting       | 3 4 5 |  5.7
Stealth        | 1 |  1.0

Action                   |  1- 3 |  4- 6 |  7- 9 || total
-------------------------+-------+-------+-------++-------
Melee: Mace              |   137 |   292 |       ||   429
       Flail             |       |    11 |   314 ||   325
Invok: Trog's Hand       |       |     2 |     2 ||     4
       Berserk           |       |     3 |     4 ||     7
  Use: Potion            |     1 |       |     7 ||     8
       Scroll            |       |       |     6 ||     6
 Stab: Sleeping          |       |       |     1 ||     1
  Eat: Chunk             |    11 |    24 |    15 ||    50
       Meat ration       |       |     1 |     1 ||     2
       Bread ration      |       |     1 |     2 ||     3
       Fruit             |       |       |     1 ||     1
Armor: Animal skin       |    77 |   117 |    88 ||   282
Dodge: Dodged            |   105 |   189 |   209 ||   503

Table legend:
 A = Spawn XP
 B = Non-spawn XP
 C = Spawn XP percentage of total XP
 D = Spawn monster count
 E = Non-spawn monster count
 F = Spawn count percentage of total count
 G = Total turns spent on level
                    A         B        C        D         E        F      G
               +---------+---------+-------+---------+---------+-------+---------
         Total |       0 |    3899 |   0.0 |       0 |     187 |   0.0 |  6636
               +---------+---------+-------+---------+---------+-------+---------
           D:1 |       0 |      45 |   0.0 |       0 |      27 |   0.0 |   616
           D:2 |       0 |     109 |   0.0 |       0 |      24 |   0.0 |   866
           D:3 |       0 |      52 |   0.0 |       0 |      10 |   0.0 |   617
           D:4 |       0 |     389 |   0.0 |       0 |      31 |   0.0 |   872
           D:5 |       0 |     131 |   0.0 |       0 |      11 |   0.0 |   163
           D:6 |       0 |    1067 |   0.0 |       0 |      24 |   0.0 |  1233
           D:7 |       0 |    1262 |   0.0 |       0 |      18 |   0.0 |   699
           D:8 |       0 |     664 |   0.0 |       0 |      18 |   0.0 |   633
       Ossuary |       0 |     180 |   0.0 |       0 |      24 |   0.0 |   937
               +---------+---------+-------+---------+---------+-------+---------
